cohdb
Replays
Latest Replays
All Replays
Popular Replays
Top Player Replays
Match Explorer
How It Works
Community
CoH3 Stats
Reddit
Sign in to upload your games and track your stats! →
Sign in with Steam
Match 43161717
Unlisted
Match 43161717
Overview
Messages
Build Orders
End
Panzergrenadier Squad
Selects Armored Support Battlegroup
Panzergrenadier Squad
Construct Light Support Kompanie
Assault Grenadier Squad
2.5-tonne Medical Truck
Selects Salvage Kits
Assault Grenadier Squad
Fire Support Elements
Construct Panzerarmee Kommand
Veteran Squad Leaders
Vehicle Survival Package
Walking Stuka Rocket Launcher
Walking Stuka Rocket Launcher
Flak 36 Anti-tank Gun Team
Selects Panzer Storm
Selects Stuka Anti-tank Loiter
Selects Superior Fire Drills
Walking Stuka Rocket Launcher
Panzer Storm
Stuka Anti-tank Loiter
Flak 36 Anti-tank Gun Team
Armored Reserves
Flak 36 Anti-tank Gun Team
Walking Stuka Rocket Launcher
Assault Grenadier Squad
Stuka Anti-tank Loiter
Tiger Heavy Tank
Panzergrenadier Squad
Assault Grenadier Squad
Flak 36 Anti-tank Gun Team
N!ckyL@rsoN
BlackDevils
叫我白给少年
왓썹어흥
♚Król Jan III. Sobieski♚
Serial Chiller
Chudzina99
Cody Styx
0
0
Comments
sign in to comment!
No comments posted yet!